 Seeded DCSS version 0.30.0-29-ga12c61a403 (webtiles) character file.

Game seed: 6351066067085065685 (custom seed)

29 Esekla the Grave Robber (level 3, 0/19 HPs)
             Began as a Deep Elf Necromancer on June 24, 2023.
             Was an Initiate of Vehumet.
             Slain by a gnoll
             ... wielding a +0 flail
              (10 damage)
             ... on level 2 of the Dungeon.
             The game lasted 00:09:03 (1240 turns).

Esekla the Grave Robber (Deep Elf Necromancer)      Turns: 1240, Time: 00:09:04

Health: 0/19       AC:  2    Str:  5    XL:     3   Next: 1%
Magic:  9/9        EV: 13    Int: 21    God:    Vehumet [......]
Gold:   76         SH:  0    Dex: 15    Spells: 4/8 levels left

rFire   . . .        c - +1 dagger (drain)
rCold   . . .        (no shield)
rNeg    . . .        a - +0 robe
rPois   .            (no helmet)
rElec   .            (no cloak)
rCorr   .            (no gloves)
SInv    .            (no boots)
Will    .....        (no amulet)
Stlth   ++           (no ring)
HPRegen 0.23/turn    (no ring)
MPRegen 0.11/turn

%: no passive effects
@: no status effects
A: no striking features
a: Renounce Religion


You were on level 2 of the Dungeon.
You worshipped Vehumet.
Vehumet was noncommittal.
You visited 1 branch of the dungeon, and saw 4 of its levels.

You collected 76 gold pieces.

Inventory:

Hand Weapons
 c - a +1 dagger of draining (weapon)
Armour
 a - a +0 robe (worn)
Scrolls
 e - a scroll of fear {unknown}
 f - 2 scrolls of identify {unknown}
 l - a scroll of fog {unknown}
Potions
 b - a potion of magic
 d - a potion of ambrosia {unknown}
 g - a potion of attraction {unknown}
 h - a potion of heal wounds {unknown}
 i - a potion of haste {unknown}
 j - a potion of curing {unknown}
 k - 2 potions of brilliance {unknown}


   Skills:
 + Level 0.3 Short Blades
 * Level 3.0 Dodging
 + Level 2.6 Stealth
 * Level 3.4 Spellcasting
 + Level 5.3 Necromancy


You had 4 spell levels left.
You knew the following spells:

 Your Spells              Type           Power      Damage    Failure   Level
a - Necrotise             Necr           100%       1d9       1%          1
d - Vampiric Draining     Necr           26%        2d7       4%          3

Your spell library contained the following spells:

 Spells                   Type           Power      Damage    Failure   Level
 Animate Dead             Necr           26%        N/A       14%         4
 Lesser Beckoning         Tloc           6%         N/A       19%         2
 Gell's Gravitas          Tloc           3%         N/A       36%         3
 Teleport Other           Tloc           3%         N/A       36%         3
 Agony                    Necr           26%        N/A       36%         5


Dungeon Overview and Level Annotations

Branches:
Dungeon (4/15)
 Temple: D:4-7

Altars:
Vehumet


Message History

The goblin is heavily wounded.
The goblin hits you with a +0 club.
You hit the goblin.
You kill the goblin!
Vehumet accepts your kill.
You hit the endoplasm. You drain the endoplasm.
You kill the endoplasm!
Vehumet accepts your kill.
You have reached level 3!
Your experience leads to an increase in your attributes!
Increase (S)trength, (I)ntelligence, or (D)exterity?
You feel clever. x2
This spell is quite dangerous to cast!
Memorise Vampiric Draining, consuming 3 spell levels and leaving 4?
You start memorising the spell.
You continue memorising. x3
You finish memorising.
Spell assigned to 'b'.
Adjust (i)tems, (s)pells, or (a)bilities?
Adjust which spell? b - Vampiric Draining Adjust to which letter? d - Vampiric Draining
Okay, then.
Found 7 gold pieces.
There is a stone staircase leading down here.
You now have 62 gold pieces (gained 7).
You now have 65 gold pieces (gained 3).
Done exploring.
There is a stone staircase leading down here.
You climb downwards.
Found 11 gold pieces.
There is a stone staircase leading up here.
Found a short sword.
You see here 11 gold pieces.
You now have 76 gold pieces (gained 11).
The gnoll barely misses you.
The gnoll hits you from afar with a +0 spear!
There is a stone staircase leading up, spattered with blood here.
The gnoll hits you with a +0 flail!
Ouch! That really hurt!
You die...

#.#..#
#.#..#
#....##
...... ...##
#... #g.# #
#.g#####.###
#@.........#
#........).#
#.######.#.#
#.. ###


You could see 2 gnolls.

Vanquished Creatures
  A dart slug (D:1)
  5 ball pythons (D:1)
  3 bats
  4 endoplasms
  4 goblins (D:1)
  A hobgoblin (D:1)
  A quokka (D:1)
  A frilled lizard (D:1)
  3 kobolds (D:1)
23 creatures vanquished.

Notes
Turn   | Place    | Note
-------+----------+-------------------------------------------
     0 | D:1      | Esekla the Deep Elf Necromancer began the quest for the
                  | Orb.
     0 | D:1      | Reached XP level 1. HP: 10/10 MP: 6/6
   155 | D:1      | Reached skill level 5 in Necromancy
   426 | D:1      | Reached XP level 2. HP: 15/15 MP: 8/8
   832 | D:4      | Found a radiant altar of Vehumet.
   836 | D:4      | Became a worshipper of Vehumet
  1204 | D:1      | Reached XP level 3. HP: 18/19 MP: 9/9
  1208 | D:1      | Learned a level 3 spell: Vampiric Draining
  1240 | D:2      | Slain by a gnoll

Illustrated notes

Levels and vault maps discovered:
D:1:      sevenhm_arrival_forest_fort_small_3, layout_rooms,
          chequers_serial_rivers_room_b, minmay_misc_feat_five
D:2:      layout_loops_ring, dreamdust_ecumenical_altar_angels_and_demons,
          serial_shops, shop
D:3:      layout_basic, grunt_temple_overflow_open, minmay_misc_feat_iff
D:4:      layout_basic, nicolae_overflow_quartered_altars, serial_shops,
          nicolae_diamond_shop

Skill      XL: |  1  2 |
---------------+-------+-----
Necromancy     | 5 |  5.3
Dodging        | 3 |  3.0
Short Blades   | |  0.3
Stealth        | |  2.6
Spellcasting   | |  3.4

Action                     || total
---------------------------++-------
  Melee: Short sword       ||    12
         Unarmed           ||     8
         Dagger            ||    42
   Stab: Sleeping          ||     2
 Armour: Robe              ||    10
  Dodge: Dodged            ||    28
